 Dungeon Crawl Stone Soup version 0.30.0-5-g1a98f26d00 (webtiles) character file.

Game seed: 16391076545778072431

5461 math4jedi the Cleaver (level 10, -21/90 HPs)
             Began as a Minotaur Berserker on May 8, 2023.
             Was an Elder of Trog.
             Killed from afar by a wretched star (38 damage)
             ... with a lance of force
             ... on level 1 of the Abyss on May 9, 2023.
             The game lasted 00:23:02 (7542 turns).

math4jedi the Cleaver (Minotaur Berserker)          Turns: 7542, Time: 00:23:03

Health: -21/90     AC: 16    Str: 24 (25) XL:     10   Next: 41%
Magic:  7/7        EV: 10    Int:  4      God:    Trog [****..]
Gold:   518        SH:  0    Dex: 11      Spells: 9/9 levels left

rFire   . . .        a - +4 hand axe
rCold   . . .        (no shield)
rNeg    . . .        I - +0 plate armour
rPois   +            t - +1 hat
rElec   .            (no cloak)
rCorr   .            A - +0 pair of gloves
SInv    .            (no boots)
Will    +....        (no amulet) Stlth
                     y - ring of poison resistance
HPRegen 0.00/turn    F - ring of willpower
MPRegen 0.10/turn

%: no passive effects
@: on berserk cooldown, sick, slowed, very slow
A: horns 2, retaliatory headbutt, [deterioration 2], [low MP 2]
a: Renounce Religion, Berserk, Trog's Hand, Brothers in Arms


You were on level 1 of the Abyss.
You worshipped Trog.
Trog was greatly pleased with you.
You visited 1 branch of the dungeon, and saw 9 of its levels.
You visited the Abyss 1 time.

You collected 650 gold pieces.
You spent 132 gold pieces at shops.

Inventory:

Hand Weapons
 a - a +4 hand axe (weapon)
 r - a +0 trident
 s - a +0 war axe
 L - a +0 morningstar
 N - a +0 hand axe
Missiles
 d - 2 curare-tipped darts (quivered)
 f - 3 boomerangs
 i - 3 throwing nets
Armour
 b - a +0 animal skin
 k - a +0 robe
 l - a +1 chain mail
 t - a +1 hat (worn)
 A - a +0 pair of gloves (worn)
 I - a +0 plate armour (worn)
Jewellery
 c - a +6 ring of intelligence
 y - a ring of poison resistance (left hand)
 F - a ring of willpower (right hand)
 P - a ring of fire
Wands
 G - a wand of flame (21)
 H - a wand of mindburst (10)
Scrolls
 g - 3 scrolls of vulnerability
 j - a scroll of magic mapping
 o - 2 scrolls of enchant armour
 p - 2 scrolls of teleportation
 x - 3 scrolls of blinking
 B - 2 scrolls of fog
 K - a scroll of immolation {unknown}
 M - a scroll of fear {unknown}
Potions
 e - 2 potions of haste {unknown}
 h - 2 potions of flight
 m - 2 potions of mutation {unknown}
 n - 2 potions of heal wounds {unknown}
 q - a potion of cancellation {unknown}
 u - 2 potions of berserk rage
 v - a potion of might {unknown}
 w - 4 potions of curing
 z - 2 potions of resistance {unknown}
 C - a potion of attraction {unknown}
 D - a potion of invisibility {unknown}
 E - 2 potions of brilliance {unknown}
 J - a potion of ambrosia {unknown}
 O - a potion of lignification {unknown}


   Skills:
 + Level 8.7 Fighting
 - Level 10.0 Axes
 + Level 8.7 Armour
 + Level 8.6 Dodging
 + Level 5.2 Evocations


You had 9 spell levels left.
You didn't know any spells.
Your spell library was empty.

Dungeon Overview and Level Annotations

Branches:
Dungeon (9/15)             Temple (0/1) D:5
   Lair: D:8-11         Orc: D:9-12

Altars:
Kikubaaqudgha
Qazlal
Yredelemnul
Zin

Shops:
D:3 [   D:8 !

Annotations:
D:3 3 runed translucent doors, exclusion: 3 doors, SecretSquirrel's ghost, novice BaHu
D:9 Erolcha; Psyche


Innate Abilities, Weirdness & Mutations

You have a pair of horns on your head.
You reflexively headbutt those who attack you in melee.
[Your body often deteriorates upon taking damage.]
[Your magical capacity is very low. (-20% MP)]


Message History

You slash the raiju!
The raiju bursts into living lightning!
The living lightning hits you!
The raiju blinks!
You slash the large abomination!
The large abomination is almost destroyed.
You hit the raiju but do no damage.
The large abomination barely misses you.
You furiously retaliate!
You headbutt the large abomination!!
You destroy the large abomination!
Trog accepts your kill.
You can now call in reinforcements.
Your Evocations skill increases to level 5!
You slash the raiju!
The raiju is almost dead.
The raiju bites you but does no damage.
You closely miss the raiju. Your headbutt misses the raiju.
The raiju is almost dead.
You barely miss the raiju. You headbutt the raiju.
You feel the power of Trog in you as your rage grows.
You kill the raiju!
Trog accepts your kill.
Your skin stops crawling.
You feel less strong-willed.
You feel a strong urge to attack something.
You feel your anger nearly subside.
You are no longer berserk.
You are exhausted.
You feel yourself slow down.
A wretched star comes into view.
The wretched star pulses with an eldritch light!
You feel yourself wasting away.
You feel your body start to fall apart.
The wretched star pulses with an eldritch light!
You feel less energetic. x2
The wretched star glows turbulently.
The lance of force hits you!!
* * * LOW HITPOINT WARNING * * *
Your body deteriorates!
You feel weakened.
You are knocked back by the lance of force.
You slam into the metal wall!
A starcursed mass comes into view.
The wretched star glows turbulently.
The lance of force hits you!!!
You die...

#. #† .# .. . ..#.
#.## ..# ##
..#.#.......
#........#.#.#
#...#..#.....# ###
# ..##.#
..#.####..#
........#.###..#
.......#..#..*...#
§#..###......##.@#
.# #.......#..#X.#
# #
#....#..#####.# .
#.......... ..# #
# ...##.##..# #.#
#. #....### # ##
#...#.#### .# #.##
.. # ## .*.


You could see a starcursed mass and a wretched star.

Vanquished Creatures
  A large abomination (Abyss:1)
  An ancient zyme (Abyss:1)
  3 raiju (Abyss:1)
  A hornet (D:6)
  4 yaks (D:8)
  Grum (D:8)
  3 vampire mosquitoes (D:8)
  A water moccasin (D:6)
  Duvessa (D:5)
  An orc warrior (D:8)
  2 sky beasts (D:6)
  A black bear (D:6)
  An ice beast (D:6)
  An ogre (D:4)
  2 phantoms
  3 centaurs
  3 wolves (D:8)
  A gnoll sergeant (D:7)
  5 scorpions
  2 bullfrogs
  A wight (D:8)
  Dowan (D:5)
  A killer bee (D:8)
  5 hounds
  3 jellies
  4 sleepcaps
  2 gnoll boudas
  3 iguanas
  5 orc wizards
  6 adders
  15 gnolls
  3 worms
  2 dart slugs (D:1)
  16 orcs
  7 bats
  7 endoplasms
  3 giant cockroaches
  6 goblins
  5 hobgoblins
  6 jackals
  3 kobolds
  6 quokkas
  9 ball pythons
  5 frilled lizards
  8 rats
170 creatures vanquished.

Notes
Turn   | Place    | Note
-------+----------+-------------------------------------------
     0 | D:1      | math4jedi the Minotaur Berserker began the quest for the
                  | Orb.
     0 | D:1      | Reached XP level 1. HP: 19/19 MP: 0/0
    87 | D:1      | Reached skill level 4 in Axes
   185 | D:1      | Reached XP level 2. HP: 26/26 MP: 1/1
   352 | D:1      | Reached skill level 5 in Axes
   395 | D:1      | Reached ** piety under Trog
   399 | D:1      | Reached XP level 3. HP: 23/31 MP: 2/2
   778 | D:2      | Found a basalt altar of Yredelemnul.
  1039 | D:2      | Reached XP level 4. HP: 39/39 MP: 3/3
  1051 | D:2      | Reached skill level 6 in Axes
  1319 | D:2      | Found a faded altar of an unknown god.
  1642 | D:3      | Reached *** piety under Trog
  1986 | D:3      | Reached XP level 5. HP: 45/46 MP: 4/4
  2132 | D:3      | Found a runed translucent gate.
  2132 | D:3      | Found a runed translucent gate.
  2132 | D:3      | Found a runed translucent gate.
  2134 | D:3      | Noticed SecretSquirrel's ghost (novice BaHu)
  2385 | D:3      | Found Hiarghifi's Armour Boutique.
  2393 | D:3      | Bought a +1 hat for 132 gold pieces
  2442 | D:3      | Found a glowing silver altar of Zin.
  2725 | D:4      | Noticed an ogre
  2735 | D:4      | Killed an ogre
  2736 | D:4      | Reached skill level 5 in Fighting
  2736 | D:4      | Reached XP level 6. HP: 56/56 MP: 5/5
  2777 | D:4      | Found a stormy altar of Qazlal.
  3334 | D:5      | Entered Level 5 of the Dungeon
  3334 | D:5      | Noticed Duvessa
  3334 | D:5      | Noticed Dowan
  3348 | D:5      | Killed Duvessa
  3350 | D:5      | Reached XP level 7. HP: 61/61 MP: 6/6
  3355 | D:5      | Killed Dowan
  3356 | D:5      | Reached skill level 5 in Armour
  3499 | D:5      | Reached skill level 5 in Dodging
  3761 | D:5      | Found a staircase to the Ecumenical Temple.
  4280 | D:6      | Found an ancient bone altar of Kikubaaqudgha.
  4282 | D:6      | Noticed a hornet
  4291 | D:6      | Killed a hornet
  4292 | D:6      | Reached skill level 7 in Axes
  4292 | D:6      | Reached XP level 8. HP: 70/70 MP: 7/7
  4377 | D:6      | Reached skill level 8 in Axes
  5073 | D:6      | Reached XP level 9. HP: 61/79 MP: 8/8
  5379 | D:7      | Identified the +1 robe of Valour {Rampage rC+ MP-9 Dex+6}
  5656 | D:7      | Identified the +3 short sword "Lohauwno" {spect, +Blink
                  | rC+}
  6307 | D:8      | Reached **** piety under Trog
  6505 | D:8      | Reached skill level 1 in Evocations
  6802 | D:8      | Reached skill level 9 in Axes
  7058 | D:8      | Found Xuw Idul's Distillery.
  7225 | D:8      | Reached XP level 10. HP: 65/86 MP: 9/9
  7230 | D:8      | Reached skill level 10 in Axes
  7253 | D:8      | Noticed Grum
  7268 | D:8      | Killed Grum
  7404 | D:9      | Noticed Erolcha
  7406 | D:9      | Noticed Psyche
  7420 | Abyss:1  | Cast into level 1 of the Abyss (Psyche)
  7421 | Abyss:1  | Found a corrupted altar of Lugonu.
  7458 | Abyss:1  | Found a corrupted altar of Lugonu.
  7488 | Abyss:1  | Noticed a large abomination
  7521 | Abyss:1  | Killed a large abomination
  7522 | Abyss:1  | Reached skill level 5 in Evocations
  7534 | Abyss:1  | Noticed a wretched star
  7542 | Abyss:1  | Noticed a starcursed mass
  7542 | Abyss:1  | Killed from afar by a wretched star

Illustrated notes

Levels and vault maps discovered:
D:1:      minmay_arrival_stone_box, layout_loops_ring, serial_rivers,
          chequers_serial_rivers_small_3, chequers_serial_rivers_micro_c,
          chequers_serial_rivers_marsh, chequers_serial_rivers_micro_c
D:2:      layout_basic, nicolae_ecumenical_lake_church, basic_altar
D:3:      layout_basic, zin_scriptorium, gammafunk_ghost_necromancy,
          serial_shops, nicolae_shop_pleasant_corner_grove
D:4:      layout_basic, mainiacjoe_overflow_chevrons
D:5:      layout_loops_ring, minmay_temple_entry_mist, dk_vineyard_2,
          uniq_duvessa
D:6:      minmay_general_purpose_star, layout_loops_ring,
          mainiacjoe_overflow_small_starburst
D:7:      layout_loops_cross
D:8:      layout_gridville, serial_shops, shop, patterned_corridor, uniq_grum
D:9:      layout_stronghold, uniq_erolcha, uniq_psyche
Abyss:1:  base: D:2, eino_small_chamber_without_monster

Skill      XL: |  1  2  3  4  5  6  7  8  9 10 |
---------------+-------------------------------+-----
Axes           | 4 5 6 7 8 9 10 | 10.0
Fighting       | 4 5 6 7 8 |  8.7
Armour         | 3 4 6 7 8 |  8.7
Dodging        | 3 4 6 7 8 |  8.6
Evocations     | 4 5 |  5.2

Action                     |  1- 3 |  4- 6 |  7- 9 | 10-12 || total
---------------------------+-------+-------+-------+-------++-------
  Melee: Hand axe          |   100 |   132 |   330 |    34 ||   596
         Headbutt          |    12 |    14 |    66 |     9 ||   101
         Punch             |       |       |     8 |       ||     8
  Throw: Boomerang         |       |     5 |       |       ||     5
         Dart              |       |     4 |       |       ||     4
 Invoke: Trog's Hand       |       |     1 |     6 |     3 ||    10
         Berserk           |       |     1 |     1 |     1 ||     3
    Use: Scroll            |     1 |     6 |     3 |       ||    10
         Potion            |       |       |     1 |       ||     1
 Armour: Animal skin       |    13 |       |       |       ||    13
         Chain mail        |     6 |    53 |   101 |       ||   160
         Robe              |     1 |       |       |       ||     1
         Plate armour      |       |       |    70 |    21 ||    91
  Dodge: Dodged            |    62 |    60 |   168 |    21 ||   311
